 Dungeon Crawl Stone Soup version 0.31.0-11-ge490571c62 (webtiles) character file.

Game seed: 17990528986321662625

575 hikkokomori the Magician (level 7, -4/36 HPs)
             Began as a Deep Elf Earth Elementalist on Feb 3, 2024.
             Slain by an iguana (6 damage)
             ... on level 4 of the Dungeon.
             The game lasted 00:06:04 (4205 turns).

hikkokomori the Magician (DEEE)                     Turns: 4205, Time: 00:06:04

Health: -4/36      AC:  3    Str:  5    XL:     7   Next: 12%
Magic:  9/17       EV: 14    Int: 22    God:
Gold:   161        SH:  0    Dex: 15    Spells: 5/16 levels left

rFire   . . .        t - +1 dagger (venom)
rCold   . . .        (no shield)
rNeg    . . .        a - +0 robe
rPois   .            (no helmet)
rElec   .            (no cloak)
rCorr   .            (no gloves)
SInv    .            j - +0 pair of boots
Will    .....        (no amulet)
Stlth   +++          (no ring)
HPRegen 0.26/turn    (no ring)
MPRegen 0.15/turn

%: no passive effects
@: very slightly contaminated
A: no striking features
a: no special abilities


You were on level 4 of the Dungeon.
You visited 1 branch of the dungeon, and saw 5 of its levels.

You collected 161 gold pieces.

Inventory:

Hand Weapons
 p - a +0 flail
 t - a +1 dagger of venom (weapon)
Armour
 a - a +0 robe (worn)
 j - a +0 pair of boots (worn)
 w - a +0 buckler
Jewellery
 x - a ring of fire
Scrolls
 c - 2 scrolls of brand weapon {unknown}
 f - a scroll of fear {unknown}
 g - a scroll of fog {unknown}
 h - a scroll of revelation {unknown}
 k - 2 scrolls of teleportation {unknown}
 l - 2 scrolls of identify {unknown}
 q - a scroll of poison {unknown}
 r - a scroll of amnesia {unknown}
 s - a scroll of noise {unknown}
Potions
 b - 2 potions of magic
 d - 2 potions of haste {unknown}
 e - 2 potions of invisibility {unknown}
 i - a potion of brilliance {unknown}
 m - a potion of berserk rage {unknown}
 n - a potion of mutation {unknown}
 o - a potion of might {unknown}
 u - a potion of heal wounds {unknown}
 v - a potion of degeneration {unknown}


   Skills:
 + Level 0.0 Fighting
 - Level 4.6 Dodging
 + Level 5.0 Stealth
 - Level 5.4 Spellcasting
 + Level 3.7 Conjurations
 + Level 5.0 Earth Magic
 + Level 0.0 Alchemy


You had 5 spell levels left.
You knew the following spells:

 Your Spells              Type           Power      Damage    Failure   Level
a - Sandblast             Erth           54%        2d13      1%          1
b - Passwall              Erth           27%        N/A       3%          3
c - Stone Arrow           Conj/Erth      50%        3d10      4%          3
d - Petrify               Alch/Erth      16%        N/A       34%         4

Your spell library contained the following spells:

 Spells                   Type           Power      Damage    Failure   Level
 Brom's Barrelling Bould  Conj/Erth      25%        2d5       16%         4


Dungeon Overview and Level Annotations

Branches:
Dungeon (5/15)
 Temple: D:4-7

Altars:
Cheibriados
Elyvilon
Makhleb
Zin

Annotations:
D:2 exclusion: downstairs


Message History

There is a stone staircase leading up here.
Unknown command.
The centaur shoots an arrow.
The arrow hits you. The iguana bites you!
* * * LOW HITPOINT WARNING * * *
The centaur shoots an arrow.
The arrow barely misses you.
You climb upwards.
There is a stone staircase leading down here.
Unknown command.
Unknown command.
Casting: Sandblast (safe; 1% risk of failure)
Confirm with . or Enter, or press ? or * to list all spells.
Aiming: Passwall (dangerous; 3% risk of failure)
Press: ? - help, Dir - move target A rock wall.
Something is blocking your path through the rock.
Unknown command.
Casting: Passwall (dangerous; 3% risk of failure)
Confirm with . or Enter, or press ? or * to list all spells.
Okay, then.
You aren't carrying any items that you can evoke.
You have nothing you can fire or use right now.
Casting: Passwall (dangerous; 3% risk of failure)
Confirm with . or Enter, or press ? or * to list all spells.
Aiming: Stone Arrow (dangerous; 4% risk of failure)
Press: ? - help, Shift-Dir - straight line, f - iguana
Aim: an iguana (75% to hit)
The stone arrow hits the iguana!
The iguana is almost dead.
The iguana bites you!
* * * LOW HITPOINT WARNING * * *
Unknown command.
Casting: Stone Arrow (dangerous; 4% risk of failure)
Confirm with . or Enter, or press ? or * to list all spells.
Aiming: Stone Arrow (dangerous; 4% risk of failure)
Press: ? - help, Shift-Dir - straight line, f/p - iguana
Aim: an iguana (almost dead, 75% to hit)
You miscast Stone Arrow.
You are very lightly contaminated with residual magic.
Nothing appears to happen.
The iguana bites you.
You die...

##.##...##.##.....####..#......##
......#..#.#..#.....#..###.......
..#...##.....##..#....####.......
#........._...........###.....[##
......##.....##...##....)......##
......#..#.#..#..###............#
........##.##...###...###...###..
#...##...........##...# ##..# ##.
#...###....##...@....## #.## ###
....####..###..l##########..###..
......###.##...######...........#
...###...###...# #A###....###.###
..## ##..##....########..## #..##
..## #.......###._.###..# #...#
...####.......).#...#...## #....
..........###...+...+...## ##..#.
##.......## ##......#....###...#.


You could see an iguana.

Vanquished Creatures
  Grinder (D:3)
  An ogre (D:3)
  A phantom (D:4)
  A scorpion (D:4)
  5 adders
  3 dart slugs
  2 ribbon worms
  5 orcs (D:3)
  9 ball pythons
  10 endoplasms
  2 giant cockroaches (D:1)
  A goblin (D:2)
  12 hobgoblins
  2 jackals (D:2)
  7 kobolds
  4 quokkas
  7 bats
  2 frilled lizards (D:1)
  3 rats (D:1)
78 creatures vanquished.

Notes
Turn   | Place    | Note
-------+----------+-------------------------------------------
     0 | D:1      | hikkokomori the Deep Elf Earth Elementalist began the quest
                  | for the Orb.
     0 | D:1      | Reached XP level 1. HP: 10/10 MP: 6/6
   288 | D:1      | Reached XP level 2. HP: 15/15 MP: 6/8
   898 | D:2      | Reached XP level 3. HP: 19/19 MP: 7/9
  1267 | D:2      | Found a faded altar of an unknown god.
  1656 | D:2      | Reached XP level 4. HP: 20/24 MP: 7/11
  1813 | D:3      | Noticed Grinder
  1817 | D:3      | Paralysed by Grinder for 2 turns
  1837 | D:2      | Learned a level 3 spell: Passwall
  1841 | D:2      | Learned a level 3 spell: Stone Arrow
  1972 | D:3      | Noticed an ogre
  1983 | D:3      | Killed an ogre
  1984 | D:3      | Reached XP level 5. HP: 28/28 MP: 5/13
  2294 | D:3      | Killed Grinder
  2295 | D:3      | Reached XP level 6. HP: 32/32 MP: 4/15
  2435 | D:3      | Reached skill level 5 in Spellcasting
  2933 | D:4      | Found a burning altar of Makhleb.
  2934 | D:4      | Noticed a balrug
  2939 | D:4      | Found a snail-covered altar of Cheibriados.
  2960 | D:4      | Found a white marble altar of Elyvilon.
  3256 | D:4      | Reached skill level 5 in Stealth
  3256 | D:4      | Reached XP level 7. HP: 36/36 MP: 11/17
  3261 | D:4      | Learned a level 4 spell: Petrify
  3304 | D:4      | Reached skill level 5 in Earth Magic
  3862 | D:4      | Found a glowing silver altar of Zin.
  3862 | D:4      | Noticed an angel
  4196 | D:5      | Entered Level 5 of the Dungeon
  4205 | D:4      | Slain by an iguana

Illustrated notes

Levels and vault maps discovered:
D:1:      spicycebolla_green_bress_n_ham_2, layout_loops_ring,
          minmay_pentomino_x2
D:2:      minmay_chambers_of_ones, layout_basic,
          nicolae_ecumenical_snake_handling
D:3:      layout_basic, st_stairs_5, hex_tiny, amethyst_killhole, uniq_grinder
D:4:      layout_layer_cave, grunt_temple_overflow_order_and_chaos_2,
          mainiacjoe_overflow_small_starburst, old_standard_altar
D:5:      layout_basic, grunt_dithmenos_smoke_and_mirrors,
          mainiacjoe_overflow_alcove_1, mainiacjoe_overflow_24_doors,
          lemuel_mausoleum_altar_yredelemnul, kennysheep_generic_room_10,
          uniq_duvessa

Skill      XL: |  1  2  3  4  5  6  7 |
---------------+----------------------+-----
Stealth        | 3 4 5 |  5.0
Dodging        | 3 4 |  4.6
Conjurations   | 2 3 |  3.7
Spellcasting   | 4 5 |  5.4
Earth Magic    | 4 5 |  5.0

Action                     |  1- 3 |  4- 6 |  7- 9 || total
---------------------------+-------+-------+-------++-------
  Melee: Unarmed           |     1 |     1 |       ||     2
         Flail             |       |    13 |       ||    13
         Dagger            |       |     5 |       ||     5
   Cast: Sandblast         |    53 |    45 |     7 ||   105
         Stone Arrow       |       |     5 |     1 ||     6
   Stab: Sleeping          |       |     1 |       ||     1
 Armour: Robe              |     6 |    26 |     6 ||    38
  Dodge: Dodged            |    10 |    23 |     8 ||    41
